| TOP OF THE 1ST |
|
Bozeman Pheasants batting - Pitching for Billings Mustangs : RHP Frank MacCormack
|
|
Pitching: RHP Frank MacCormack
|
|
|
Batting: RHB Calvin Jones
|
0-0: Ball 1-0: Ball 2-0: Fly out, F7 (Flyball, 78S)
|
|
Batting: RHB Juan Garcia
|
0-0: Called Strike 0-1: Foul Ball, location: 2F 0-2: SINGLE (Flyball, 7S)
|
|
Batting: LHB Al Greene
|
0-0: Ball 1-0: Ball Juan Garcia is caught stealing 2nd base 2-6 2-0: Ball 3-0: Base on Balls
|
|
Batting: RHB Mike Bucci
|
0-0: Ball 1-0: Ball 2-0: Ball 3-0: Base on Balls Al Greene to second
|
|
Batting: LHB Robert Schuster
|
0-0: Ball 1-0: Ball 2-0: Ball 3-0: Called Strike 3-1: Base on Balls Al Greene to third Mike Bucci to second
|
|
Batting: LHB Ramon Gonzalez
|
0-0: Called Strike 0-1: Foul Ball, location: 2F 0-2: Strikes out looking
|
| Top of the 1st over - 0 runs, 1 hit, 0 errors, 3 left on base; Bozeman 0 - Billings 0 |
| BOTTOM OF THE 1ST |
|
Billings Mustangs batting - Pitching for Bozeman Pheasants : RHP Gilberto Chavez
|
|
Pitching: RHP Gilberto Chavez
|
|
|
Batting: LHB Bob Bourne
|
0-0: Swinging Strike 0-1: Swinging Strike 0-2: Ground out 4-3 (Groundball, 4)
|
|
Batting: RHB Tony Quintana
|
0-0: Ground out 4-3 (Groundball, 4MD)
|
|
Batting: LHB Pedro Giugino
|
0-0: SINGLE (Line Drive, 8LS)
|
|
Batting: RHB Mark Hopper
|
0-0: Ball 1-0: Ground out 5-3 (Groundball, 56S)
|
| Bottom of the 1st over - 0 runs, 1 hit, 0 errors, 1 left on base; Bozeman 0 - Billings 0 |
| TOP OF THE 2ND |
|
Bozeman Pheasants batting - Pitching for Billings Mustangs : RHP Frank MacCormack
|
|
Batting: RHB Greg Hanley
|
0-0: Ball 1-0: Foul Ball, location: 2F 1-1: Ball 2-1: Foul Ball, location: 2F 2-2: Ball 3-2: DOUBLE (Line Drive, 78M)
|
|
Batting: RHB Tyler Gorton
|
0-0: Foul Ball, location: 2F 0-1: Ball 1-1: Ground out 6-3 (Groundball, 6M) Greg Hanley to third
|
|
Batting: RHB David Marino
|
0-0: Ball 1-0: Foul Ball, location: 2F 1-1: Ball 2-1: Ball 3-1: Fly out, F9 (Flyball, 9S)
|
|
Batting: RHB Calvin Jones
|
0-0: Ball 1-0: Called Strike 1-1: Ball 2-1: Ball 3-1: Base on Balls
|
|
Batting: RHB Juan Garcia
|
0-0: Ball Calvin Jones is caught stealing 2nd base 2-4
|
| Top of the 2nd over - 0 runs, 1 hit, 0 errors, 1 left on base; Bozeman 0 - Billings 0 |
| BOTTOM OF THE 2ND |
|
Billings Mustangs batting - Pitching for Bozeman Pheasants : RHP Gilberto Chavez
|
|
Batting: LHB Stanley Davis
|
0-0: Ball 1-0: Foul Ball, location: 2F 1-1: Ball 2-1: Foul Ball, location: 2F 2-2: Strikes out looking
|
|
Batting: LHB Tom Hester
|
0-0: Ball 1-0: DOUBLE (Line Drive, 89M)
|
|
Batting: RHB Michael Cash
|
0-0: Fly out, F9 (Flyball, 9LD) Runner from 2nd tags up, SAFE at 3rd, no throw by RF
|
|
Batting: LHB Juan Navarrete
|
0-0: Fly out, F8 (Flyball, 8LM)
|
| Bottom of the 2nd over - 0 runs, 1 hit, 0 errors, 1 left on base; Bozeman 0 - Billings 0 |
| TOP OF THE 3RD |
|
Bozeman Pheasants batting - Pitching for Billings Mustangs : RHP Frank MacCormack
|
|
Batting: RHB Juan Garcia
|
0-0: Ball 1-0: SINGLE (Flyball, 9LS)
|
|
Batting: LHB Al Greene
|
0-0: Ball 1-0: Foul Ball, location: 2F 1-1: SINGLE (Line Drive, 7LS) Juan Garcia to second
|
|
Batting: RHB Mike Bucci
|
0-0: Ball 1-0: Called Strike 1-1: Ball 2-1: Called Strike 2-2: Ball 3-2: Foul Ball, location: 2F 3-2: Base on Balls Juan Garcia to third Al Greene to second
|
|
Batting: LHB Robert Schuster
|
0-0: Ball 1-0: Foul Ball, location: 2F 1-1: Ball 2-1: SINGLE (Groundball, 5D) Juan Garcia scores Al Greene to third Mike Bucci to second
|
|
Batting: LHB Ramon Gonzalez
|
0-0: Foul Ball, location: 2F 0-1: Foul Ball, location: 2F 0-2: Ball 1-2: Fly out, F7 (Flyball, 7)
|
|
Batting: RHB Greg Hanley
|
0-0: Called Strike 0-1: Foul Ball, location: 2F 0-2: Fielders Choice at 2nd, 5-4 (Groundball, 5) Al Greene scores Mike Bucci to third
|
|
Batting: RHB Tyler Gorton
|
0-0: Ball 1-0: Foul Ball, location: 2F 1-1: Ball 2-1: Ball 3-1: DOUBLE (Line Drive, 89D) Mike Bucci scores Greg Hanley to third Runner from 3rd tries for Home, SAFE, throw by RF to trailing runner, OUT at third! 9-4-5
|
| Top of the 3rd over - 4 runs, 4 hits, 0 errors, 0 left on base; Bozeman 4 - Billings 0 |
| BOTTOM OF THE 3RD |
|
Billings Mustangs batting - Pitching for Bozeman Pheasants : RHP Gilberto Chavez
|
|
Batting: RHB Joseph Russell
|
0-0: Ball 1-0: Ball 2-0: Called Strike 2-1: Ball 3-1: Called Strike 3-2: Base on Balls
|
|
Batting: LHB Bob Bourne
|
0-0: SINGLE (Line Drive, 78S) Joseph Russell to second
|
|
Batting: RHB Tony Quintana
|
0-0: Foul Ball, location: 2F 0-1: Fly out, F6 (Popup, P)
|
|
Batting: LHB Pedro Giugino
|
0-0: Grounds into double play, 6-4-3 (Groundball, 6)
|
| Bottom of the 3rd over - 0 runs, 1 hit, 0 errors, 1 left on base; Bozeman 4 - Billings 0 |
| TOP OF THE 4TH |
|
Bozeman Pheasants batting - Pitching for Billings Mustangs : RHP Frank MacCormack
|
|
Batting: RHB David Marino
|
0-0: Ball 1-0: Ball 2-0: Called Strike 2-1: Foul Ball, location: 2F 2-2: Foul Ball, location: 2F 2-2: Foul Ball, location: 2F 2-2: Foul Ball, location: 2F 2-2: SINGLE (Groundball, 4MD)
|
|
Batting: RHB Calvin Jones
|
0-0: Foul Ball, location: 2F 0-1: Ball 1-1: Ball 2-1: Swinging Strike 2-2: Ball 3-2: Grounds into double play, 4-6-3 (Groundball, 4)
|
|
Batting: RHB Juan Garcia
|
0-0: Called Strike 0-1: Ball 1-1: Swinging Strike 1-2: Ball 2-2: Strikes out swinging
|
| Top of the 4th over - 0 runs, 1 hit, 0 errors, 0 left on base; Bozeman 4 - Billings 0 |
| BOTTOM OF THE 4TH |
|
Billings Mustangs batting - Pitching for Bozeman Pheasants : RHP Gilberto Chavez
|
|
Batting: RHB Mark Hopper
|
0-0: Ball 1-0: Fly out, F8 (Line Drive, 8LD)
|
|
Batting: LHB Stanley Davis
|
0-0: Called Strike 0-1: Foul Ball, location: 2F 0-2: Ball 1-2: Foul Ball, location: 2F 1-2: Ball 2-2: Foul Ball, location: 2F 2-2: SINGLE (Groundball, 15S) (infield hit)
|
|
Batting: LHB Tom Hester
|
0-0: Called Strike 0-1: Ball 1-1: Foul Ball, location: 2F 1-2: Ball 2-2: SINGLE (Groundball, 4M) (infield hit) Stanley Davis to second
|
|
Batting: RHB Michael Cash
|
0-0: Ball 1-0: Called Strike 1-1: Foul Ball, location: 2F 1-2: Fly out, F8 (Line Drive, 8RD)
|
|
Batting: LHB Juan Navarrete
|
0-0: Ball 1-0: Fly out, F8 (Flyball, 8RS)
|
| Bottom of the 4th over - 0 runs, 2 hits, 0 errors, 2 left on base; Bozeman 4 - Billings 0 |
| TOP OF THE 5TH |
|
Bozeman Pheasants batting - Pitching for Billings Mustangs : RHP Frank MacCormack
|
|
Batting: LHB Al Greene
|
0-0: Called Strike 0-1: Fly out, F8 (Line Drive, 8RD)
|
|
Batting: RHB Mike Bucci
|
0-0: Ball 1-0: Foul Ball, location: 2F 1-1: Ball 2-1: Foul Ball, location: 2F 2-2: DOUBLE (Line Drive, 78XD)
|
|
Batting: LHB Robert Schuster
|
0-0: Called Strike 0-1: Fly out, F4 (Popup, 4)
|
|
Batting: LHB Ramon Gonzalez
|
0-0: Called Strike 0-1: Called Strike 0-2: Foul Ball, location: 2F 0-2: Ball 1-2: Ball 2-2: Fly out, F8 (Flyball, 8LD)
|
| Top of the 5th over - 0 runs, 1 hit, 0 errors, 1 left on base; Bozeman 4 - Billings 0 |
| BOTTOM OF THE 5TH |
|
Billings Mustangs batting - Pitching for Bozeman Pheasants : RHP Gilberto Chavez
|
|
Batting: RHB Joseph Russell
|
0-0: Foul Ball, location: 2F 0-1: Foul Ball, location: 2F 0-2: Ground out 4-3 (Groundball, 4)
|
|
Batting: LHB Bob Bourne
|
0-0: SINGLE (Groundball, 34D)
|
|
Batting: RHB Tony Quintana
|
0-0: Ball Bob Bourne steals 2nd base (no throw) 1-0: Ball 2-0: Ball 3-0: Base on Balls
|
|
Batting: LHB Pedro Giugino
|
0-0: Called Strike 0-1: DOUBLE (Flyball, 78D) Bob Bourne scores Tony Quintana to third
|
|
Batting: RHB Mark Hopper
|
0-0: Ball 1-0: Foul Ball, location: 2F 1-1: Ground out 6-3 (Groundball, 6D) Tony Quintana scores
|
|
Batting: LHB Stanley Davis
|
0-0: Ground out U3 (Groundball, 34S)
|
| Bottom of the 5th over - 2 runs, 2 hits, 0 errors, 1 left on base; Bozeman 4 - Billings 2 |
| TOP OF THE 6TH |
|
Bozeman Pheasants batting - Pitching for Billings Mustangs : RHP Frank MacCormack
|
|
Batting: RHB Greg Hanley
|
0-0: Ball 1-0: Ball 2-0: Bunt for hit to 2L - play at first, batter safe!
|
|
Batting: RHB Tyler Gorton
|
0-0: Fly out, F8 (Line Drive, 8LD)
|
|
Batting: RHB David Marino
|
0-0: Foul Ball, location: 2F 0-1: Ball 1-1: Foul Ball, location: 2F 1-2: Foul Ball, location: 2F 1-2: Ground out 6-3 (Groundball, 6S) Greg Hanley to second
|
|
Batting: RHB Calvin Jones
|
0-0: Swinging Strike 0-1: Ball 1-1: Ground out 6-3 (Groundball, 6S)
|
| Top of the 6th over - 0 runs, 1 hit, 0 errors, 1 left on base; Bozeman 4 - Billings 2 |
| BOTTOM OF THE 6TH |
|
Billings Mustangs batting - Pitching for Bozeman Pheasants : RHP Gilberto Chavez
|
|
Batting: LHB Tom Hester
|
0-0: Ball 1-0: Swinging Strike 1-1: Fly out, F8 (Line Drive, 8LM)
|
|
Batting: RHB Michael Cash
|
0-0: Ball 1-0: Ball 2-0: Fly out, F9 (Flyball, 9LMF)
|
|
Batting: LHB Juan Navarrete
|
0-0: Bunted foul 0-1: Fly out, F9 (Flyball, 9S)
|
| Bottom of the 6th over - 0 runs, 0 hits, 0 errors, 0 left on base; Bozeman 4 - Billings 2 |
| TOP OF THE 7TH |
|
Bozeman Pheasants batting - Pitching for Billings Mustangs : RHP Frank MacCormack
|
|
Batting: RHB Juan Garcia
|
0-0: Ball 1-0: Foul Ball, location: 2F 1-1: Foul Ball, location: 2F 1-2: Strikes out swinging
|
|
Batting: LHB Al Greene
|
0-0: Ball 1-0: SINGLE (Groundball, 4MD)
|
|
Batting: RHB Mike Bucci
|
0-0: Ball 1-0: Ball Al Greene steals 2nd base 2-0: Ball 3-0: Called Strike 3-1: Called Strike 3-2: Foul Ball, location: 2F 3-2: 2-RUN HOME RUN (Flyball, 78XD), Distance : 389 ft
|
|
Batting: LHB Robert Schuster
|
0-0: Ball 1-0: Called Strike 1-1: Ball 2-1: Fly out, F7 (Line Drive, 7D)
|
|
Batting: LHB Ramon Gonzalez
|
0-0: Ball 1-0: Called Strike 1-1: Ball 2-1: Ball 3-1: Base on Balls
|
|
Batting: RHB Greg Hanley
|
0-0: Ground out 1-3 (Groundball, 13S)
|
| Top of the 7th over - 2 runs, 2 hits, 0 errors, 1 left on base; Bozeman 6 - Billings 2 |
| BOTTOM OF THE 7TH |
|
Billings Mustangs batting - Pitching for Bozeman Pheasants : RHP Gilberto Chavez
|
|
Batting: RHB Joseph Russell
|
0-0: Ground out 4-3 (Groundball, 4)
|
|
Batting: LHB Bob Bourne
|
0-0: Called Strike 0-1: Ball 1-1: Ball 2-1: Fly out, F7 (Line Drive, 7)
|
|
Batting: RHB Tony Quintana
|
0-0: Ground out 4-3 (Groundball, 4)
|
| Bottom of the 7th over - 0 runs, 0 hits, 0 errors, 0 left on base; Bozeman 6 - Billings 2 |
| TOP OF THE 8TH |
|
Bozeman Pheasants batting - Pitching for Billings Mustangs : RHP Frank MacCormack
|
|
Batting: RHB Tyler Gorton
|
0-0: Foul Ball, location: 2F 0-1: Ball 1-1: Ball 2-1: Called Strike 2-2: Foul Ball, location: 2F 2-2: Ball 3-2: Base on Balls
|
|
Pitching: RHP Salvador Sandoval
|
|
|
Batting: RHB David Marino
|
0-0: Bunted foul 0-1: Ball 1-1: Bunted foul 1-2: Ball 2-2: Ball 3-2: Fly out, F8 (Flyball, 8LM)
|
|
Batting: RHB Calvin Jones
|
0-0: Called Strike 0-1: Foul Ball, location: 2F 0-2: Fly out, F9 (Flyball, 9S)
|
|
Batting: RHB Juan Garcia
|
0-0: Called Strike 0-1: Called Strike 0-2: Ball 1-2: Foul Ball, location: 2F 1-2: Ball 2-2: Ball 3-2: Strikes out looking
|
| Top of the 8th over - 0 runs, 0 hits, 0 errors, 1 left on base; Bozeman 6 - Billings 2 |
| BOTTOM OF THE 8TH |
|
Billings Mustangs batting - Pitching for Bozeman Pheasants : RHP Gilberto Chavez
|
|
Batting: LHB Pedro Giugino
|
0-0: Fly out, F5 (Popup, 5SF)
|
|
Batting: RHB Mark Hopper
|
0-0: Fly out, F9 (Flyball, 9S)
|
|
Batting: LHB Stanley Davis
|
0-0: Ball 1-0: Ground out 1-3 (Groundball, 34S)
|
| Bottom of the 8th over - 0 runs, 0 hits, 0 errors, 0 left on base; Bozeman 6 - Billings 2 |
| TOP OF THE 9TH |
|
Bozeman Pheasants batting - Pitching for Billings Mustangs : RHP Salvador Sandoval
|
|
Batting: LHB Al Greene
|
0-0: Called Strike 0-1: SINGLE (Line Drive, 6D)
|
|
Batting: RHB Mike Bucci
|
0-0: Called Strike 0-1: Ball 1-1: Ball 2-1: Ball 3-1: Fly out, F8 (Flyball, 8LS)
|
|
Batting: LHB Robert Schuster
|
0-0: Ball 1-0: Foul Ball, location: 2F 1-1: Foul Ball, location: 2F 1-2: Ball 2-2: TRIPLE (Flyball, 9LD) Al Greene scores
|
|
Batting: LHB Ramon Gonzalez
|
0-0: Ball 1-0: Ball 2-0: Foul Ball, location: 2F 2-1: Ball 3-1: Base on Balls
|
|
Batting: RHB Greg Hanley
|
0-0: Ball 1-0: Ball 2-0: Ball 3-0: Called Strike 3-1: DOUBLE (Line Drive, 9LS) Robert Schuster scores Ramon Gonzalez to third
|
|
Pitching: RHP Wade Frye
|
|
|
Batting: RHB Tyler Gorton
|
0-0: Foul Ball, location: 2F 0-1: Ball 1-1: Ball 2-1: Ground out 5-3 (Groundball, 56) Ramon Gonzalez scores
|
|
Batting: RHB David Marino
|
0-0: SINGLE (Line Drive, 3L) Greg Hanley to third Runner from 3rd tries for Home, SAFE, no throw by RF
|
|
Batting: RHB Calvin Jones
|
0-0: Ball 1-0: Called Strike 1-1: Ball 2-1: Ground out 1-3 (Groundball, 13S)
|
| Top of the 9th over - 4 runs, 4 hits, 0 errors, 1 left on base; Bozeman 10 - Billings 2 |
| BOTTOM OF THE 9TH |
|
Billings Mustangs batting - Pitching for Bozeman Pheasants : RHP Gilberto Chavez
|
|
Now at C: Alan Newsome
|
|
|
Now at 3B: Stan Floyd
|
|
|
Now at SS: Michael Kerr
|
|
|
Pinch Hitting: LHB Eugene Quirk
|
0-0: Ball 1-0: Ball 2-0: Called Strike 2-1: Ball 3-1: Fly out, F7 (Flyball, 7)
|
|
Batting: RHB Michael Cash
|
0-0: Ball 1-0: Called Strike 1-1: Foul Ball, location: 2F 1-2: Ball 2-2: Ball 3-2: Base on Balls
|
|
Batting: LHB Juan Navarrete
|
0-0: Called Strike 0-1: Ball 1-1: Swinging Strike 1-2: Fielders Choice at 2nd, 5-4 (Groundball, 56S)
|
|
Batting: RHB Joseph Russell
|
0-0: Ball 1-0: Ball 2-0: Swinging Strike 2-1: Fly out, F3 (Popup, 3SF)
|
| Bottom of the 9th over - 0 runs, 0 hits, 0 errors, 1 left on base; Bozeman 10 - Billings 2 |
|